 Dungeon Crawl Stone Soup version 0.30-a0-222-ge547ba4400 (webtiles) character file.

Game seed: 15209682514984609906

67 qw the Chopper (level 4, -1/28 HPs)
             Began as a Gargoyle Fighter on Oct 8, 2022.
             Slain by an orc priest
             ... wielding a +0 whip
              (5 damage)
             ... on level 3 of the Dungeon.
             The game lasted 00:00:40 (1725 turns).

qw the Chopper (Gargoyle Fighter)                   Turns: 1725, Time: 00:00:40

Health: -1/28      AC: 10    Str: 21    XL:     4   Next: 16%
Magic:  4/4        EV:  9    Int:  9    God:
Gold:   97         SH:  4    Dex:  9    Spells: 3/3 levels left

rFire   . . .      SeeInvis .    Y - +0 war axe
rCold   . . .      Faith    .    c - +0 buckler
rNeg    + + .      Spirit   .    b - +0 scale mail
rPois   inf        Reflect  .    (no helmet)
rElec   +          Harm     .    (no cloak)
rCorr   .          Rampage  .    (no gloves)
Will    .....                    (no boots)
Stlth   ..........               (no amulet)
HPRegen 0.24/turn                h - ring of positive energy
MPRegen 0.09/turn                (no ring)

@: no status effects
A: sickness immunity, AC +3, negative energy resistance 1, electricity
resistance, torment resistance 1, petrification resistance
a: no special abilities


You were on level 3 of the Dungeon.
You visited 1 branch of the dungeon, and saw 3 of its levels.

You collected 97 gold pieces.


Innate Abilities, Weirdness & Mutations

You are immune to sickness and miasma.
Your stone body is resilient. (AC +3)
You are immune to poison.
You resist negative energy. (rN+)
You are resistant to electric shocks. (rElec)
You are resistant to unholy torment.
You are immune to petrification.


   Skills:
 - Level 3.2 Fighting
 + Level 3.9 Axes
 - Level 3.2 Armour
 - Level 3.2 Shields


You had 3 spell levels left.
You didn't know any spells.
Your spell library was empty.

Inventory:

Hand Weapons
 g - a +0 whip
 Y - a +0 war axe (weapon)
Armour
 a - a +0 chain mail
 b - a +0 scale mail (worn)
 c - a +0 buckler (worn)
Jewellery
 h - a ring of positive energy (left hand)
Scrolls
 i - a scroll of identify
Potions
 d - a potion of might
 e - a potion of curing {unknown}
 f - a potion of brilliance {unknown}
 k - a potion of haste {unknown}

Dungeon Overview and Level Annotations

Branches:
Dungeon (3/15)

Altars:

Shops:
D:2 :


Message History

You block the adder's attack. The adder bites you but does no damage.
You miss the adder.
The adder is severely wounded.
The adder bites you but does no damage.
You barely miss the adder.
The adder is severely wounded.
The adder bites you but does no damage. x2
You hit the adder.
You kill the adder!
A goblin comes into view. It is wielding a +0 club.
The goblin shouts!
You hear a shout! x2
A gnoll comes into view. It is wielding a +0 club.
The goblin moves out of view.
The gnoll shouts!
A gnoll comes into view. It is wielding a +0 club.
You block the goblin's attack.
A gnoll comes into view. It is wielding a +0 spear.
You closely miss the goblin. The goblin barely misses you.
You block the goblin's attack.
The orc priest calls down the wrath of Beogh upon you.
Beogh smites you! The gnoll hits you with a +0 club.
You hit the gnoll but do no damage. You closely miss the goblin.
You block the goblin's attack. The gnoll hits you but does no damage.
A gnoll comes into view. It is wielding a +0 club.
You hit the gnoll.
The gnoll is moderately wounded.
You slash the goblin!
You kill the goblin!
You have reached level 4!
You feel clever.
You slash the gnoll!
You kill the gnoll!
You closely miss the orc priest. You barely miss the gnoll.
The gnoll barely misses you. The orc priest barely misses you.
The gnoll hits you but does no damage.
The orc priest begins to cast a cantrip, but forgets the words!
The gnoll hits you with a +0 club.
You closely miss the orc priest. You slash the gnoll!
The gnoll hits you from afar with a +0 spear!
The orc priest hits you with a +0 whip.
You die...

####### #...... ######
#...... #....#
#.....o####.##.###
....gg.@.........##
.......g..#.......######
#......##.####.#.(#....#
####### #.# #.#..#.##.#
#.# #.#..#..#.# #.#
#.#.....#.# #.#
#.#.......# #.#
#.#..#....#
#.####.##.###..#


You could see an orc priest and 3 gnolls.

Vanquished Creatures
  An adder (D:3)
  A gnoll (D:3)
  4 orcs (D:3)
  2 ball pythons (D:1)
  3 bats (D:1)
  3 endoplasms
  6 giant cockroaches (D:1)
  3 goblins
  3 hobgoblins
  5 kobolds
  A quokka (D:1)
  6 frilled lizards
  3 rats
41 creatures vanquished.

Notes
Turn   | Place    | Note
-------+----------+-------------------------------------------
     0 | D:1      | qw the Gargoyle Fighter began the quest for the Orb.
     0 | D:1      | Reached XP level 1. HP: 14/14 MP: 1/1
     0 | D:1      | 0 ||| qw: Version: 0.2-a-17-g06abaee
     0 | D:1      | 0 ||| qw: Game counter: 2035
     0 | D:1      | 0 ||| qw: Always use a shield: true
     0 | D:1      | 0 ||| qw: God list: Okawaru
     0 | D:1      | 0 ||| qw: Allow faded altars: false
     0 | D:1      | 0 ||| qw: Do Orc after D:15 true
     0 | D:1      | 0 ||| qw: Do second Lair branch before Depths: true
     0 | D:1      | 0 ||| qw: Lair rune preference: random
     0 | D:1      | 0 ||| qw: Plans: Normal, Zot:1-4, God:TSO, Crypt, Tomb,
                  | Pan, Slime:5, Hells, Abyss, Orb
     0 | D:1      | 0 ||| PLANNING D:1-11
   141 | D:1      | 141 ||| Stepping ~*~*~tactically~*~*~ (stealth).
   145 | D:1      | 145 ||| Stepping ~*~*~tactically~*~*~ (stealth).
   150 | D:1      | Reached XP level 2. HP: 12/19 MP: 2/2
   181 | D:1      | 181 ||| DROPPING +0 club.
   194 | D:1      | 194 ||| Stepping ~*~*~tactically~*~*~ (stealth).
   195 | D:1      | 195 ||| Stepping ~*~*~tactically~*~*~ (stealth).
   198 | D:1      | 198 ||| Stepping ~*~*~tactically~*~*~ (stealth).
   495 | D:1      | Reached skill level 3 in Axes
   573 | D:1      | Reached XP level 3. HP: 23/23 MP: 3/3
   978 | D:1      | 978 ||| READING 2 scrolls labelled OLAHUUSTR LESIA.
   979 | D:1      | 979 ||| READING scroll labelled JIEM XYTTOR.
   980 | D:1      | 980 ||| READING scroll labelled BIWAVI LIKALUJ.
   983 | D:1      | 983 ||| DROPPING scroll of immolation.
  1052 | D:2      | Found Piliupp's Book Shoppe.
  1193 | D:2      | 1193 ||| Stepping ~*~*~tactically~*~*~ (hiding).
  1195 | D:2      | 1195 ||| Stepping ~*~*~tactically~*~*~ (hiding).
  1196 | D:2      | 1196 ||| Stepping ~*~*~tactically~*~*~ (hiding).
  1608 | D:2      | 1608 ||| DROPPING +2 leather armour of positive energy.
  1609 | D:2      | 1609 ||| UPGRADING to ring of positive energy.
  1610 | D:2      | 1610 ||| READING scroll labelled WUGRIEKLUE.
  1611 | D:2      | 1611 ||| READING scroll labelled BOTOATS GENI.
  1612 | D:2      | 1612 ||| READING 2 scrolls labelled AWADOOLYER.
  1634 | D:3      | 1634 ||| Stepping ~*~*~tactically~*~*~ (stealth).
  1636 | D:3      | 1636 ||| Stepping ~*~*~tactically~*~*~ (stealth).
  1724 | D:3      | Reached XP level 4. HP: 13/28 MP: 4/4
  1725 | D:3      | HP: 4/28 [gnoll/+0 spear (7)]
  1725 | D:3      | Slain by an orc priest

Levels and vault maps discovered:
D:1:      kilobyte_arrival_exit_the_forest, layout_loops_cross,
          minmay_misc_feat_chi
D:2:      layout_loops_ring, serial_shops, shop
D:3:      layout_basic

Skill      XL: |  1  2 |
---------------+-------+-----
Axes           | 2 3 |  3.9
Fighting       | |  3.2
Armour         | |  3.2
Shields        | |  3.2

Action                   |  1- 3 |  4- 6 || total
-------------------------+-------+-------++-------
Melee: War axe           |   115 |     2 ||   117
  Use: Scroll            |     6 |       ||     6
Armor: Scale mail        |    59 |     1 ||    60
Dodge: Dodged            |    35 |     2 ||    37
Block: Buckler           |    24 |       ||    24

Table legend:
 A = Non-vault XP
 B = Vault XP
 C = Vault XP percentage of total XP
 D = Non-vault monster count
 E = Vault monster count
 F = Vault count percentage of total count
                 A         B        C        D         E       F
            +---------+---------+-------+---------+---------+-------
      Total |      96 |       0 |   0.0 |      41 |       0 |   0.0
            +---------+---------+-------+---------+---------+-------
        D:1 |      41 |       0 |   0.0 |      24 |       0 |   0.0
        D:2 |      11 |       0 |   0.0 |       8 |       0 |   0.0
        D:3 |      44 |       0 |   0.0 |       9 |       0 |   0.0
            +---------+---------+-------+---------+---------+-------
